 Dungeon Crawl Stone Soup version 0.29-a0-617-g7a6b98fccd (webtiles) character file.

Game seed: 9617890332059514218

132 Kaemin the Covered (level 4, 0/40 HPs)
             Began as a Minotaur Fighter on June 18, 2022.
             Was a High Priest of Ignis.
             Slain by Grinder (4 damage)
             ... while paralysed by Grinder
             ... on level 3 of the Dungeon.
             The game lasted 00:11:34 (2061 turns).

Kaemin the Covered (Minotaur Fighter)               Turns: 2061, Time: 00:11:35

Health: 0/40       AC:  9    Str: 23    XL:     4   Next: 92%
Magic:  3/3        EV:  2    Int:  5    God:    Ignis [*****.]
Gold:   185        SH:  0    Dex:  9    Spells: 3/3 levels left

rFire   + . .      SeeInvis .   a - +0 war axe
rCold   . . .      Faith    .   c - +0 buckler
rNeg    . . .      Spirit   .   x - +2 scale mail {rPois}
rPois   +          Reflect  .   (helmet restricted)
rElec   .          Harm     .   (no cloak)
rCorr   .          Rampage  .   (no gloves)
Will    .....                   (no boots)
Stlth   ..........              (no amulet)
HPRegen 0.13/turn               (no ring)
MPRegen 0.08/turn               (no ring)

@: paralysed, attractive
A: horns 2, retaliatory headbutt
a: Renounce Religion, Fiery Armour, Foxfire Swarm, Rising Flame


You were on level 3 of the Dungeon.
You worshipped Ignis.
Ignis was extremely pleased with you.
You visited 1 branch of the dungeon, and saw 3 of its levels.

You collected 185 gold pieces.

Inventory:

Hand Weapons
 a - a +0 war axe (weapon)
 i - a +0 short sword of speed
 l - a +0 short sword
 n - a +2 dagger of draining
 o - a +0 hunting sling
Missiles
 j - 65 stones (quivered)
Armour
 b - a +0 scale mail
 c - a +0 buckler (worn)
 h - an orb of guile
 v - +0 steam dragon scales
 x - a +2 scale mail of poison resistance (worn)
Scrolls
 e - a scroll of immolation {unknown}
 m - a scroll of vulnerability {unknown}
 p - a scroll of silence {unknown}
 r - a scroll of teleportation {unknown}
 s - a scroll of blinking {unknown}
 t - 2 scrolls of noise {unknown}
Potions
 d - a potion of might
 k - a potion of haste {unknown}
 q - 2 potions of lignification {unknown}
 u - 2 potions of flight {unknown}
 w - a potion of ambrosia {unknown}
 A - 2 potions of invisibility {unknown}


   Skills:
 + Level 4.1 Fighting
 + Level 3.9 Axes
 + Level 1.0 Throwing
 + Level 4.7 Armour
 + Level 1.2 Dodging
 + Level 4.1 Shields


You had 3 spell levels left.
You didn't know any spells.
Your spell library was empty.

Dungeon Overview and Level Annotations

Branches:
Dungeon (3/15)

Altars:
Ignis

Shops:
D:3 :

Annotations:
D:3 Grinder


Innate Abilities, Weirdness & Mutations

You have a pair of horns on your head.
You reflexively headbutt those who attack you in melee.


Message History

You barely miss Grinder.
Grinder is severely wounded.
Grinder hits you.
You hit Grinder but do no damage.
Grinder is severely wounded.
Grinder blinks!
Grinder hits you but does no damage.
You hit Grinder but do no damage.
Grinder is severely wounded.
Grinder gestures at you. Pain shoots through your body!
You hit Grinder. Your headbutt misses Grinder.
Grinder is severely wounded.
Grinder gestures at you.
You suddenly lose the ability to move!
Grinder gestures at you.
You shrug off the repeated paralysis!
Grinder blinks!
You can move again.
Grinder hits you!
You barely miss Grinder.
Grinder is severely wounded.
Grinder blinks!
Grinder barely misses you.
You closely miss Grinder.
Grinder is severely wounded.
Grinder gestures at you. Pain shoots through your body!
Unknown command.
You are too injured to fight recklessly!
You don't know any spells.
It was a potion of attraction.
You feel attractive to monsters. Grinder gestures at you.
You suddenly lose the ability to move!
Grinder blinks!
Grinder is attracted toward you. Grinder hits you!
* * * LOW HITPOINT WARNING * * *
Grinder hits you.
* * * LOW HITPOINT WARNING * * *
You writhe in agony.
You die...

..>#. #.# ##
#.#.# #.# #..
..#.## #.# ##.#
#.#.#####.#
#.#.###.#......#
#.#.#.#.#######
###.#.#.##
#.5ยง...##
#@###### #..(.#
######


You could see Grinder.

Vanquished Creatures
  Terence (D:3)
  4 adders
  2 worms (D:2)
  5 dart slugs
  6 endoplasms (D:1)
  3 giant cockroaches
  2 goblins
  3 hobgoblins
  2 jackals (D:2)
  A quokka (D:2)
  6 ball pythons
  10 bats
  A frilled lizard (D:1)
  6 kobolds
  5 rats
57 creatures vanquished.

Notes
Turn   | Place    | Note
-------+----------+-------------------------------------------
     0 | D:1      | Kaemin the Minotaur Fighter began the quest for the Orb.
     0 | D:1      | Reached XP level 1. HP: 19/19 MP: 0/0
    27 | D:1      | Reached XP level 2. HP: 27/27 MP: 1/1
   390 | D:1      | Reached XP level 3. HP: 28/33 MP: 2/2
   717 | D:1      | Found a faded altar of an unknown god.
   723 | D:1      | Prayed at the altar of an unknown god.
   723 | D:1      | Became a worshipper of Ignis, the Dying Flame
  1200 | D:2      | Reached skill level 1 in Throwing
  1399 | D:2      | Reached XP level 4. HP: 29/40 MP: 3/3
  1498 | D:2      | Reached skill level 1 in Dodging
  1760 | D:3      | Noticed Terence
  1771 | D:3      | Killed Terence
  1804 | D:3      | Found Bautob's Book Emporium.
  2037 | D:3      | Noticed Grinder
  2052 | D:3      | Paralysed by Grinder for 3 turns
  2058 | D:3      | Paralysed by Grinder for 5 turns
  2061 | D:3      | Slain by Grinder

Illustrated notes

Levels and vault maps discovered:
D:1:      giann_horns, layout_rooms,
          dreamdust_ecumenical_altar_angels_and_demons
D:2:      layout_basic
D:3:      due_chaos_kobolds, layout_loops_ring, serial_shops,
          nicolae_shop_crystal, grunt_ministairs_10, grunt_decor_fettered,
          nicolae_concentric_dashed_squares_wild, kennysheep_small_spiral,
          uniq_grinder, uniq_terence

Skill      XL: |  1  2  3  4 |
---------------+-------------+-----
Fighting       | 4 |  4.1
Shields        | 4 |  4.1
Armour         | 4 |  4.7
Axes           | 3 |  3.9
Throwing       | 1 |  1.0
Dodging        | 1 |  1.2

Action                   |  1- 3 |  4- 6 || total
-------------------------+-------+-------++-------
Melee: War axe           |    84 |    41 ||   125
       Headbutt          |    11 |     5 ||    16
Throw: Stone             |    29 |       ||    29
  Use: Potion            |       |     3 ||     3
Armor: Scale mail        |    45 |    14 ||    59
Dodge: Dodged            |    63 |    15 ||    78
Block: Buckler           |    19 |     6 ||    25

Table legend: (Time is in decaauts)
 A = Elapsed time spent in this place.
 B = Non-inter-level travel time spent in this place.
 C = Inter-level travel time spent in this place.
 D = Time resting spent in this place.
 E = Time spent auto-exploring this place.
 F = Levels seen in this place.
 G = Mean time per level.
                   A        B        C        D        E       F      G
               +--------+--------+--------+--------+--------+-----+--------+
         Total |   2113 |   1762 |    351 |      0 |   1300 |   3 |  704.3 |
       Dungeon |   2113 |   1762 |    351 |      0 |   1300 |   3 |  704.3 |
               +--------+--------+--------+--------+--------+-----+--------+

Top non-repeatable levels by time:
     D:2: 989 daAuts
     D:1: 785 daAuts
     D:3: 338 daAuts
